 Dungeon Crawl Stone Soup version 0.25-a0-294-gea9b1ad (webtiles) character file.

Game seed: 14679469343816026788, levelgen mode: deterministic

25450 Blackhawk the Fighter (level 12, -21/111 (112) HPs)
             Began as a Minotaur Fighter on Dec 16, 2019.
             Was an Elder of Trog.
             Killed from afar by a fire giant (25 damage)
             ... with a bolt of fire
             ... on level 11 of the Dungeon.
             The game lasted 00:25:22 (17929 turns).

Blackhawk the Fighter (Minotaur Fighter)           Turns: 17929, Time: 00:25:23

HP:   -21/111 (112) AC: 25    Str: 26    XL:     12   Next: 89%
MP:   3/3           EV:  7    Int:  5    God:    Trog [****..]
Gold: 712           SH: 19    Dex: 13    Spells: 11/11 levels left

rFire    . . .     SeeInvis .   R - +6 broad axe (antimagic)
rCold    . . .     Gourm    .   l - +0 large shield
rNeg     . . .     Faith    .   N - +0 crystal plate armour
rPois    +         Spirit   .   (helmet restricted)
rElec    .         Reflect  .   g - +1 cloak {MR+}
rCorr    .         Harm     .   C - +0 pair of gloves
MR       ++...                  (no boots)
Stlth    ..........             (no amulet)
HPRegen  0.28/turn              G - +5 ring of dexterity
MPRegen  0.08/turn              I - ring of poison resistance

@: berserk cooldown, slowed, very slow
A: retaliatory headbutt, horns 2, blurry vision 1, clumsy 1, low mp 1, magic
resistance 1
a: Berserk, Trog's Hand, Brothers in Arms, Renounce Religion


You were on level 11 of the Dungeon.
You worshipped Trog.
Trog was greatly pleased with you.
You were very hungry.

You visited 2 branches of the dungeon, and saw 13 of its levels.
You also visited: Sewer and Ossuary.

You collected 712 gold pieces.

Inventory:

Hand Weapons
 a - a +3 hand axe
 b - a +0 dagger of venom
 F - a +0 war axe
 P - a +2 mace of crushing
 R - a +6 antimagic broad axe (weapon)
Missiles
 v - 5 throwing nets (quivered)
Armour
 c - a +0 shield
 g - a +1 cloak of magic resistance (worn)
 l - a +0 large shield (worn)
 m - a +0 chain mail
 t - a +0 scale mail
 C - a +0 pair of gloves (worn)
 N - a +0 crystal plate armour (worn)
 U - +0 fire dragon scales
Jewellery
 i - an uncursed ring of positive energy
 r - an uncursed ring of protection from fire
 G - a +5 ring of dexterity (left hand)
 I - a ring of poison resistance (right hand)
 Q - an uncursed amulet of the acrobat {unknown}
 S - an uncursed ring of ice
Wands
 x - a wand of random effects (46)
 E - a wand of scattershot (6)
 H - a wand of enslavement (10)
 T - a wand of paralysis (12)
Scrolls
 d - a scroll of blinking {unknown}
 e - 8 scrolls of remove curse
 h - 3 scrolls of magic mapping {unknown}
 k - 10 scrolls of identify
 n - 3 scrolls of fog {unknown}
 o - a scroll of fear {unknown}
 p - 8 scrolls of teleportation
 w - a scroll of enchant armour {unknown}
 y - 2 scrolls of noise {unknown}
 K - a scroll of random uselessness {unknown}
 L - 2 scrolls of vulnerability {unknown}
 O - a scroll of enchant weapon {unknown}
Potions
 j - 6 potions of curing
 q - 5 potions of flight
 s - a potion of haste
 u - 2 potions of brilliance
 z - 2 potions of lignification
 A - a potion of magic
 B - a potion of resistance
 D - 2 potions of berserk rage
 J - a potion of might
 M - a potion of ambrosia {unknown}
Comestibles
 f - 18 rations


   Skills:
 + Level 12.1 Fighting
 + Level 11.9 Axes
 + Level 12.1 Armour
 + Level 10.7 Dodging
 + Level 12.1 Shields


You had 11 spell levels left.
You didn't know any spells.
Your spell library was empty.

Dungeon Overview and Level Annotations

Branches:
Dungeon (12/15)            Temple (1/1) D:7            Lair (0/6) D:9
    Orc (0/2) D:11          Sewer (visited)         Ossuary (visited)

Altars:
Ashenzari
Cheibriados
Dithmenos
Elyvilon
Fedhas
Gozag
Hepliaklqana
Kikubaaqudgha
Makhleb
Nemelex Xobeh
Okawaru
Qazlal
Ru
Sif Muna
Trog
Uskayaw
Vehumet
Wu Jian
Xom
Yredelemnul
Zin
The Shining One
Beogh

Shops:
D:12 }?

Annotations:
D:11 3 runed translucent doors, lyrin's ghost, journeyman VSTm


Innate Abilities, Weirdness & Mutations

You reflexively headbutt those who attack you in melee.
You have a pair of horns on your head.
Scrolls take you a little longer to read.
You are clumsy. (Dex -2)
Your magical capacity is low. (-10% MP)
You are resistant to hostile enchantments. (MR+)


Message History

You feel a strong urge to attack something.
A fire giant comes into view.
It is wielding a +0 great sword of flaming.
You feel your anger nearly subside.
You are no longer berserk.
Trog's vigour flows through your veins.
You are exhausted.
You feel yourself slow down.
The fire giant points at you and mumbles some strange words.
The fireball explodes!
The fireball engulfs you!!
The fire giant gestures at you while chanting.
The fireball explodes!
The fireball engulfs you!!
* * * LOW HITPOINT WARNING * * *
You hear a shout!
The fire giant points at you and mumbles some strange words.
The bolt of fire hits you!!
* * * LOW HITPOINT WARNING * * *
Okay, then.
There is an open door here.
The fire giant gestures at you while chanting.
The bolt of fire hits you!!
You die...

# #...'...# #...#.#.#
######### #..†#
#........ ........#
#..C# #........
........# ##..#
#.####### ........#
#.C### #.#######
........# #..#.##
#)....... ...[....#
##?'..## #........
##...)..# #.#...#
#........ 8#......#
####@########........
.#......#
#.........#........
.#......#
###..)....'........
.#......#
####....#........
%########
###########... [ #...
_ #### . .


You could see a fire giant.

Vanquished Creatures
  A fire dragon (D:11)
  Fannar (D:12)
  A hydra (D:12)
  A death knight (D:11)
  3 two-headed ogres
  Urug (D:10)
  An unseen horror (D:12)
  Pikel (D:9)
  2 ugly things (D:12)
  2 cyclopes
  2 manticores (D:12)
  A molten gargoyle (D:11)
  Joseph (D:7)
  3 gargoyles (D:11)
  A komodo dragon (D:9)
  A troll (D:12)
  5 hippogriffs
  A hornet (D:10)
  8 slime creatures
  Sigmund (D:2)
  2 vampires
  2 shadows
  Eustachio (D:6)
  17 yaks
  2 wyverns (D:11)
  A hungry ghost (D:12)
  2 humans (D:9)
  An acid dragon (D:12)
  A soldier ant (D:12)
  Duvessa (D:6)
  7 orc warriors
  2 slaves (D:9)
  3 ice beasts
  2 necrophages
  2 sky beasts
  2 phantoms
  8 ogres
  7 centaurs
  A crocodile (D:12)
  2 big kobolds
  6 bullfrogs
  A gnoll sergeant (D:12)
  2 wyvern zombies
  11 scorpions
  Dowan (D:6)
  13 killer bees
  7 wights (D:7)
  3 bullfrog zombies
  A lava snake (D:11)
  2 centaur zombies
  2 crimson imps
  A quasit (D:6)
  4 jellies
  9 hounds
  12 orc priests
  Crazy Yiuf (D:2)
  2 bullfrog skeletons
  5 centaur skeletons
  A gnoll shaman (D:6)
  Jessica (D:2)
  5 iguanas
  14 orc wizards
  9 worker ants
  5 big kobold zombies (Ossuary)
  3 mummies (Ossuary)
  A worker ant zombie (D:7)
  2 scorpion zombies (Ossuary)
  9 adders
  13 gnolls
  5 shadow imps
  6 oozes
  3 adder skeletons
  An adder zombie (D:7)
  A worm (D:3)
  3 dart slugs
  10 leopard geckos
  64 orcs
  4 ball pythons
  13 giant cockroaches
  2 gnoll zombies (Ossuary)
  9 goblins
  9 hobgoblins
  19 jackals
  10 kobolds
  9 quokkas
  12 bats
  6 frilled lizards
  A goblin zombie (Ossuary)
  3 kobold zombies (Ossuary)
  8 rats
  A fungus (D:2)
  A plant (D:9)
450 creatures vanquished.

Vanquished Creatures (collateral kills)
  3 molten gargoyles (D:11)
  A hippogriff (D:11)
  A bullfrog (D:11)
5 creatures vanquished.

Vanquished Creatures (others)
  A shadow (D:11)
  An orc warrior (D:5)
  A slave (D:9)
  An orc priest (D:11)
  3 plants (D:9)
7 creatures vanquished.

Grand Total: 462 creatures vanquished

Notes
Turn   | Place    | Note
-------+----------+-------------------------------------------
     0 | D:1      | Blackhawk the Minotaur Fighter began the quest for the Orb.
     0 | D:1      | Reached XP level 1. HP: 19/19 MP: 0/0
   267 | D:1      | Reached XP level 2. HP: 22/27 MP: 1/1
   547 | D:1      | Reached skill level 1 in Dodging
   700 | D:1      | Reached XP level 3. HP: 32/33 MP: 2/2
   709 | D:1      | You fall into a shaft and drop 1 floor!
   710 | D:2      | Found a sparkling altar of Nemelex Xobeh.
   713 | D:2      | Found a white marble altar of Elyvilon.
   713 | D:2      | Found a blossoming altar of Fedhas.
   813 | D:2      | Noticed Sigmund
   821 | D:2      | Killed Sigmund
   821 | D:2      | Reached XP level 4. HP: 29/41 MP: 3/3
   821 | D:2      | Reached XP level 5. HP: 34/47 MP: 4/4
  1349 | D:2      | Noticed Jessica
  1355 | D:2      | Killed Jessica
  1571 | D:2      | Found a runed translucent door.
  1572 | D:2      | Noticed Crazy Yiuf
  1576 | D:2      | Gained mutation: You are clumsy. (Dex -2) [potion of
                  | mutation]
  1576 | D:2      | Gained mutation: Scrolls take you a little longer to read.
                  | [potion of mutation]
  1576 | D:2      | Gained mutation: Your magical capacity is low. (-10% MP)
                  | [potion of mutation]
  1576 | D:2      | Gained mutation: You are resistant to hostile enchantments.
                  | (MR+) [potion of mutation]
  1585 | D:2      | Killed Crazy Yiuf
  1585 | D:2      | Reached XP level 6. HP: 47/55 MP: 4/4
  2228 | D:3      | Reached skill level 5 in Fighting
  2303 | D:3      | Reached skill level 5 in Armour
  2383 | D:3      | Reached skill level 5 in Shields
  2747 | D:4      | Found a glowing drain.
  2760 | Sewer    | Entered a sewer
  3638 | D:4      | Reached XP level 7. HP: 57/61 MP: 5/5
  4262 | D:5      | Entered Level 5 of the Dungeon
  4543 | D:5      | Found a sand-covered staircase.
  4548 | Ossuary  | Entered an ossuary
  4584 | Ossuary  | Reached skill level 5 in Axes
  5174 | Ossuary  | Reached XP level 8. HP: 70/70 MP: 6/6
  5602 | D:5      | Found a shadowy altar of Dithmenos.
  5639 | D:5      | Noticed a +0 hand axe
  5639 | D:5      | Noticed a +0 hand axe
  5641 | D:5      | Found a hide-covered altar of Uskayaw.
  5812 | D:5      | Found an ornate altar of the Wu Jian Council.
  6665 | D:6      | Noticed Eustachio
  6699 | D:6      | Killed Eustachio
  6699 | D:6      | Reached skill level 5 in Dodging
  6723 | D:6      | Noticed Duvessa
  6723 | D:6      | Noticed Dowan
  6730 | D:6      | Killed Dowan
  6735 | D:6      | Killed Duvessa
  7111 | D:6      | Reached XP level 9. HP: 50/79 MP: 7/7
  7829 | D:7      | Found a staircase to the Ecumenical Temple.
  7852 | D:7      | Found a hazy altar of Hepliaklqana.
  7855 | Temple   | Entered the Ecumenical Temple
  7988 | Temple   | Became a worshipper of Trog the Wrathful
  8568 | D:7      | Reached * piety under Trog
  9233 | D:7      | Noticed Joseph
  9245 | D:7      | Killed Joseph
  9370 | D:8      | Reached XP level 10. HP: 81/89 MP: 8/8
  9452 | D:7      | Reached ** piety under Trog
 10246 | D:8      | Found a shattered altar of Ashenzari.
 10622 | D:9      | Noticed a two-headed ogre
 10632 | D:9      | Killed a two-headed ogre
 10709 | D:9      | Reached *** piety under Trog
 10750 | D:9      | Noticed a two-headed ogre
 10762 | D:9      | Killed a two-headed ogre
 10973 | D:9      | Noticed Pikel
 10991 | D:9      | Reached XP level 11. HP: 78/98 MP: 8/8
 11017 | D:9      | Killed Pikel
 11017 | D:9      | Reached skill level 10 in Fighting
 11017 | D:9      | Reached skill level 10 in Armour
 11017 | D:9      | Reached skill level 10 in Shields
 11360 | D:9      | Found an iron altar of Okawaru.
 11426 | D:9      | Found a staircase to the Lair.
 11732 | D:10     | Entered Level 10 of the Dungeon
 11858 | D:10     | Found an opulent altar of Gozag.
 12003 | D:10     | Noticed Urug
 12034 | D:10     | Killed Urug
 12034 | D:10     | Reached skill level 10 in Axes
 12603 | D:10     | Reached **** piety under Trog
 13755 | D:11     | Found a runed translucent gate.
 13773 | D:11     | Noticed lyrin's ghost (journeyman VSTm)
 13776 | D:11     | Identified the cursed +0 dire flail of Conflict {vamp,
                  | rN+++ MR- Str+4}
 14494 | D:11     | Identified the cursed +0 scale mail "Zumoidit" {Stlth+}
 14497 | D:11     | Found a runed translucent gate.
 14498 | D:11     | Found a runed translucent gate.
 14504 | D:11     | Found a roughly hewn altar of Beogh.
 14558 | D:12     | Noticed a purple ugly thing
 14568 | D:12     | Killed a purple ugly thing
 14935 | D:12     | Found Ruedanao's Gadget Emporium.
 15327 | D:12     | Reached XP level 12. HP: 109/109 MP: 9/9
 15471 | D:12     | Noticed a five-headed hydra
 15474 | D:12     | Noticed Fannar
 15488 | D:12     | Killed a five-headed hydra
 15951 | D:12     | Reached skill level 10 in Dodging
 16078 | D:12     | Killed Fannar
 16084 | D:12     | Reached ***** piety under Trog
 16084 | D:12     | Received a gift from Trog
 16622 | D:12     | Noticed a two-headed ogre
 16628 | D:12     | Killed a two-headed ogre
 16780 | D:12     | Found Enwi's Magic Scroll Boutique.
 17465 | D:11     | Found a staircase to the Orcish Mines.
 17471 | D:11     | Found a roughly hewn altar of Beogh.
 17679 | D:11     | Noticed a death knight
 17701 | D:11     | Killed a death knight
 17912 | D:11     | Noticed a fire dragon
 17920 | D:11     | Killed a fire dragon
 17923 | D:11     | Noticed a fire giant
 17926 | D:11     | HP: 3/111 [fire giant/bolt of fire (26)]
 17929 | D:11     | Killed from afar by a fire giant

Levels and vault maps discovered:
D:1:      roderic_octagonal_star, layout_loops_corners
D:2:      layout_rooms, chequers_temple_overflow_statue_of_worship,
          minmay_misc_feat_hallway, uniq_crazy_yiuf_cottage, uniq_sigmund,
          uniq_jessica
D:3:      layout_basic, first_ration, grunt_ministairs_4
D:4:      layout_loops_corners, gup_sewer_entry_pipe
D:5:      layout_rooms, dancing_weapons_uskayaw, lemuel_coloured_pillars_altar,
          grunt_dithmenos_smoke, serial_co_window_serial, co_window_corner_a,
          co_window_paths_b, co_window_paths_a, co_window_paths_a,
          co_window_of_opportunity_a, co_window_paths_b, co_window_paths_b,
          co_window_corner_cb, co_window_corner_b, co_window_corner_b,
          co_window_4corner_b, co_window_paths_e, glass_columns_b,
          glass_columns_b, glass_columns_a, enter_ossuary_2
D:6:      layout_basic, chequers_serial_rivers_large_a, supply_closet_lemuel,
          grunt_decor_mini_mirrors, uniq_eustachio, uniq_duvessa
D:7:      layout_basic, overflow_temple_1_default, temple_statues,
          serial_curves, eino_curves_02, eino_curves_04, eino_curves_01,
          eino_curves_03, uniq_joseph
D:8:      layout_rooms, ashenzari_conservatory_becter
D:9:      layout_rooms, okawaru_humans, david_lair_shrubbed,
          hangedman_little_slice_of_home, uniq_pikel
D:10:     layout_layer_cave, nicolae_gozag_cash_rules_everything_around_me,
          uniq_urug
D:11:     minmay_sliced_demisemicircle, layout_basic,
          minmay_orc_entry_temple_small, biasface_ghost_orc_armoury, minivault_8
D:12:     layout_basic, serial_shops, nicolae_shop_behind_doors, shop,
          uniq_fannar
Temple:   dshaligram_water_room_temple

Skill      XL: |  1  2  3  4  5  6  7  8  9 10 11 12 |
---------------+-------------------------------------+-----
Dodging        | 1 2 3 4 5 6 8 9 10 | 10.7
Fighting       | 4 5 6 7 8 9 11 12 | 12.1
Armour         | 4 5 6 7 8 9 11 12 | 12.1
Shields        | 4 5 6 7 8 9 11 12 | 12.1
Axes           | 3 4 5 6 8 9 10 11 | 11.9

Action                   |  1- 3 |  4- 6 |  7- 9 | 10-12 || total
-------------------------+-------+-------+-------+-------++-------
Melee: War axe           |    81 |   273 |   546 |   150 ||  1050
       Headbutt          |    13 |    44 |    80 |   242 ||   379
       Hand axe          |       |       |       |   541 ||   541
       Broad axe         |       |       |       |   112 ||   112
       Dagger            |       |       |       |    21 ||    21
Invok: Berserk           |       |       |       |    13 ||    13
       Brothers in Arms  |       |       |       |     2 ||     2
       Trog's Hand       |       |       |       |     1 ||     1
  Use: Potion            |     1 |     5 |     9 |     2 ||    17
       Scroll            |       |     1 |     3 |     2 ||     6
 Stab: Invisible         |       |       |     2 |       ||     2
  Eat: Chunk             |       |    10 |    12 |    33 ||    55
       Ration            |       |       |     2 |     2 ||     4
Armor: Scale mail        |    35 |    45 |       |       ||    80
       Chain mail        |       |    72 |   169 |   197 ||   438
       Skin              |       |       |    36 |       ||    36
       Crystal plate arm |       |       |       |    37 ||    37
Dodge: Dodged            |    27 |    54 |    89 |   147 ||   317
Block: Shield            |    46 |    39 |       |       ||    85
       Large shield      |       |   139 |   498 |   720 ||  1357

Table legend:
 A = Non-vault XP
 B = Vault XP
 C = Vault XP percentage of total XP
 D = Non-vault monster count
 E = Vault monster count
 F = Vault count percentage of total count
                 A         B        C        D         E       F
            +---------+---------+-------+---------+---------+-------
      Total |   26745 |    9613 |  26.4 |     368 |      85 |  18.8
            +---------+---------+-------+---------+---------+-------
        D:1 |      54 |       0 |   0.0 |      26 |       0 |   0.0
        D:2 |      55 |     304 |  84.7 |      19 |       3 |  13.6
        D:3 |      76 |       4 |   5.0 |      27 |       2 |   6.9
        D:4 |     374 |      14 |   3.6 |      36 |       6 |  14.3
        D:5 |     394 |       0 |   0.0 |      17 |       0 |   0.0
        D:6 |     829 |     429 |  34.1 |      18 |       3 |  14.3
        D:7 |    1482 |     412 |  21.8 |      40 |       1 |   2.4
        D:8 |    2499 |       0 |   0.0 |      49 |       0 |   0.0
        D:9 |    4526 |    1476 |  24.6 |      30 |      12 |  28.6
       D:10 |    3037 |     843 |  21.7 |      27 |       1 |   3.6
       D:11 |    3321 |    4351 |  56.7 |      30 |      16 |  34.8
       D:12 |   10098 |     997 |   9.0 |      49 |       1 |   2.0
      Sewer |       0 |      27 | 100.0 |       0 |      16 | 100.0
    Ossuary |       0 |     756 | 100.0 |       0 |      24 | 100.0
            +---------+---------+-------+---------+---------+-------
